 Dungeon Crawl Stone Soup version 0.28-a0-32-g8dfe7f97f6 (webtiles) character file.

Game seed: 12488605432555127833

46 dracfodder the Skirmisher (level 3, -2/36 HPs)
             Began as a Gargoyle Berserker on July 27, 2021.
             Was a Believer of Trog.
             Killed from afar by Sigmund (11 damage)
             ... with a puff of flame
             ... on level 2 of the Dungeon.
             The game lasted 00:04:36 (1432 turns).

dracfodder the Skirmisher (Gargoyle Berserker)      Turns: 1432, Time: 00:04:37

Health: -2/36      AC:  7    Str: 21    XL:     3   Next: 68%
Magic:  3/3        EV: 11    Int:  7    God:    Trog [**....]
Gold:   47         SH:  0    Dex:  9    Spells: 2/2 levels left

rFire   . . .      SeeInvis .   a - +1 hand axe
rCold   . . .      Faith    .   (no shield)
rNeg    + . .      Spirit   .   f - +0 leather armour
rPois   ∞          Reflect  .   (no helmet)
rElec   +          Harm     .   (no cloak)
rCorr   .          Rampage  .   (no gloves)
Will    ++...                   b - +0 pair of boots
Stlth   ..........              (no amulet)
HPRegen 1.12/turn               (no ring)
MPRegen 0.08/turn               (no ring)

@: berserking (expiring), strong-willed, regenerating, very quick
A: sickness immunity, AC +3, negative energy resistance 1, electricity
resistance, torment resistance 1, petrification resistance
a: Renounce Religion, Berserk, Trog's Hand


You were on level 2 of the Dungeon.
You worshipped Trog.
Trog was pleased with you.
You visited 1 branch of the dungeon, and saw 3 of its levels.

You collected 47 gold pieces.

Inventory:

Hand Weapons
 a - a +1 hand axe (weapon)
Missiles
 c - 77 stones (quivered)
 d - 14 sling bullets
Armour
 b - a +0 pair of boots (worn)
 f - a +0 leather armour (worn)
Scrolls
 e - 2 scrolls of blinking
 g - 5 scrolls of fear
 h - a scroll of teleportation


   Skills:
 + Level 3.7 Fighting
 * Level 3.4 Axes
 + Level 2.2 Armour
 + Level 2.1 Dodging


You had 2 spell levels left.
You didn't know any spells.
Your spell library was empty.

Dungeon Overview and Level Annotations

Branches:
Dungeon (3/15)

Altars:

Annotations:
D:2 Sigmund


Innate Abilities, Weirdness & Mutations

You are immune to sickness and miasma.
Your stone body is resilient. (AC +3)
You are immune to poison.
You resist negative energy. (rN+)
You are resistant to electric shocks. (rElec)
You are resistant to unholy torment.
You are immune to petrification.


Message History

No target in view!
No target in view!
No target in view!
No target in view!
c - 77 stones (gained 4)
Things that are here:
a +0 dagger; a kobold corpse Sigmund the Dreaded comes into view.
He is wielding a +0 scythe.
Sigmund shouts!
Sigmund casts a spell at you.
You are confused.
You are too confused!
You bump into the rock wall.
Sigmund closely misses you.
You bump into the rock wall.
Sigmund gestures wildly while chanting.
Sigmund flickers and vanishes!
Deactivating autopickup; reactivate with Ctrl-A.
Something hits you.
You bump into the rock wall.
Something hits you but does no damage.
You're too confused to move!
You feel less confused.
A magic dart appears from out of thin air!
The magic dart hits you. Something hits you.
Your skin crawls.
You feel strong-willed.
A red film seems to cover your vision as you go berserk!
You feel yourself moving faster!
You feel mighty! Something hits you.
You feel a strong urge to attack something.
Something hits you. Something hits you!
* * * LOW HITPOINT WARNING * * *
You hit something. You hit something. Something hits you.
* * * LOW HITPOINT WARNING * * *
You miss something.
You hear some strange, mumbled words.
A puff of flame appears from out of thin air!
The puff of flame hits you!
You die...

#.#.##.#
#>.....#
#.#.##.#
#.####.#
#.#.##.#
#.## #.#
#...##.#
#..# #.#
.......
#..# #.#
#..# #..
#..# ###
##..###
#)...@#
#.###{#####
#.# #.....#
#.# #.###.#
#.....#
##.##.. #.
#.## .##.#
#.#


There were no monsters in sight!

Vanquished Creatures
  An adder (D:2)
  2 dart slugs
  5 endoplasms
  2 giant cockroaches
  4 goblins (D:1)
  A hobgoblin (D:2)
  5 ball pythons
  2 bats (D:1)
  A frilled lizard (D:1)
  4 kobolds
  5 rats (D:1)
32 creatures vanquished.

Notes
Turn   | Place    | Note
-------+----------+-------------------------------------------
     0 | D:1      | dracfodder the Gargoyle Berserker began the quest for the
                  | Orb.
     0 | D:1      | Reached XP level 1. HP: 14/14 MP: 1/1
   356 | D:1      | Reached XP level 2. HP: 15/19 MP: 2/2
   995 | D:1      | Reached ** piety under Trog
   996 | D:1      | Reached XP level 3. HP: 24/24 MP: 3/3
  1415 | D:2      | Noticed Sigmund
  1432 | D:2      | Killed from afar by Sigmund

Illustrated notes

Levels and vault maps discovered:
D:1:      tarquinn_simple_flora_water_f, layout_loops_ring
D:2:      minmay_roachtagon, layout_loops_ring,
          hellmonk_ecumenical_altar_heavens_door, basic_altar, uniq_sigmund,
          uniq_jessica, uniq_crazy_yiuf_cottage
D:3:      layout_loops_ring, serial_co_window_serial, co_window_corner_a,
          co_window_corner_a, co_window_corner_a, co_window_paths_a,
          co_window_of_opportunity_a, co_window_corner_b, co_window_corner_b,
          co_window_paths_c, co_window_corner_b, co_window_4corner_b,
          glass_columns_b, glass_columns_a, glass_columns_a

Skill      XL: |  1  2  3 |
---------------+----------+-----
Axes           | 3 |  3.4
Dodging        | 2 |  2.1
Fighting       | |  3.7
Armour         | |  2.2

Action                   || total
-------------------------++-------
Melee: Hand axe          ||   135
Invok: Berserk           ||     1
       Trog's Hand       ||     1
  Use: Scroll            ||     4
 Stab: Sleeping          ||     1
Armor: Animal skin       ||     9
       Leather armour    ||    57
Dodge: Dodged            ||   101

Table legend: (Time is in decaauts)
 A = Elapsed time spent in this place.
 B = Non-inter-level travel time spent in this place.
 C = Inter-level travel time spent in this place.
 D = Time resting spent in this place.
 E = Time spent auto-exploring this place.
 F = Levels seen in this place.
 G = Mean time per level.
                   A        B        C        D        E       F      G
               +--------+--------+--------+--------+--------+-----+--------+
         Total |   1452 |   1426 |     26 |      0 |   1076 |   3 |  484.0 |
       Dungeon |   1452 |   1426 |     26 |      0 |   1076 |   3 |  484.0 |
               +--------+--------+--------+--------+--------+-----+--------+

Top non-repeatable levels by time:
     D:1: 1158 daAuts
     D:2: 278 daAuts
     D:3: 16 daAuts
